| TOP OF THE 1ST |
|
Stanford University Cardinal batting - Pitching for University of North Carolina at Chapel Hill Tar Heels : LHP Francisco Guerra
|
|
Pitching: LHP Francisco Guerra
|
|
|
Batting: RHB John Van der Linden
|
0-0: Called Strike 0-1: Ball 1-1: Foul Ball, location: 2F 1-2: Ball 2-2: Strikes out swinging
|
|
Batting: SHB Philippe Huff
|
0-0: Ball 1-0: Called Strike 1-1: Foul Ball, location: 2F 1-2: Reached on error, E6 (Groundball, 6, EV 88.8 MPH)
|
|
Batting: LHB Donny Kleinjan
|
0-0: Ball 1-0: DOUBLE (Flyball, 7LD, EV 101.2 MPH) Philippe Huff to third
|
|
Batting: RHB Joe Petley
|
0-0: Called Strike 0-1: Ball 1-1: Ball 2-1: Ball 3-1: Base on Balls
|
|
Batting: RHB Dzevat Koljevic
|
0-0: Called Strike 0-1: SINGLE (Groundball, 4MD, EV 101.9 MPH) Philippe Huff scores Donny Kleinjan to third Joe Petley to second
|
|
Batting: RHB Erwin Young
|
0-0: Ball 1-0: Ball 2-0: Ball 3-0: Called Strike 3-1: Base on Balls Donny Kleinjan scores Joe Petley to third Dzevat Koljevic to second
|
|
Batting: RHB Eric McDonald
|
0-0: SINGLE (Groundball, 4S, EV 71.9 MPH) (infield hit) Joe Petley scores Dzevat Koljevic to third Erwin Young to second
|
|
Batting: RHB Mike Gard
|
0-0: Called Strike 0-1: Ball 1-1: Grounds into double play, 4-6-3 (Groundball, 4, EV 106.9 MPH)
|
| Top of the 1st over - 3 runs, 3 hits, 1 error, 2 left on base; Stanford University 3 - University of North Carolina at Chapel Hill 0 |
| BOTTOM OF THE 1ST |
|
University of North Carolina at Chapel Hill Tar Heels batting - Pitching for Stanford University Cardinal : RHP Juvas Tanuja
|
|
Pitching: RHP Juvas Tanuja
|
|
|
Batting: LHB Juan Alvarado
|
0-0: Called Strike 0-1: Ball 1-1: Called Strike 1-2: Ball 2-2: Ball 3-2: SINGLE (Groundball, 4MD, EV 98.8 MPH)
|
|
Batting: LHB Chris Robertson
|
0-0: Called Strike 0-1: Ball 1-1: Foul Ball, location: 2F 1-2: Strikes out swinging
|
|
Batting: RHB Michael Houseman
|
0-0: Ball 1-0: SINGLE (Groundball, 3D, EV 95.6 MPH) Juan Alvarado to second Runner from 2nd tries for 3rd, SAFE, no throw by RF
|
|
Batting: LHB Roberto Lopez
|
0-0: Ball 1-0: Called Strike 1-1: Ball 2-1: SINGLE (Groundball, 4D, EV 95.6 MPH) Juan Alvarado scores Michael Houseman to second Runner from 2nd tries for 3rd, SAFE, no throw by CF
|
|
Batting: RHB Brandon Wilson
|
0-0: Swinging Strike 0-1: Called Strike 0-2: Fly out, F7 (Flyball, 78M, EV 90.0 MPH) Runner from 3rd tags up, SCORES, throw by LF
|
|
Batting: RHB Tony Jennings
|
0-0: Foul Ball, location: 2F 0-1: Ball 1-1: Called Strike 1-2: Fly out, F8 (Flyball, 8RD, EV 100.0 MPH)
|
| Bottom of the 1st over - 2 runs, 3 hits, 0 errors, 1 left on base; Stanford University 3 - University of North Carolina at Chapel Hill 2 |
| TOP OF THE 2ND |
|
Stanford University Cardinal batting - Pitching for University of North Carolina at Chapel Hill Tar Heels : LHP Francisco Guerra
|
|
Batting: LHB Mike Keating
|
0-0: SINGLE (Groundball, 6MD, EV 105.6 MPH)
|
|
Batting: RHB John Van der Linden
|
0-0: Fly out, F8 (Flyball, 8RXD, EV 91.2 MPH)
|
|
Batting: SHB Philippe Huff
|
0-0: Called Strike 0-1: Ball 1-1: DOUBLE (Line Drive, 9LM, EV 113.1 MPH) Mike Keating to third Runner from 3rd tries for Home, SAFE, no throw by RF
|
|
Batting: LHB Donny Kleinjan
|
0-0: Called Strike 0-1: Ball 1-1: Ground out 4-3 (Groundball, 4, EV 96.9 MPH) Philippe Huff to third
|
|
Batting: RHB Joe Petley
|
0-0: Ball 1-0: Fly out, F9 (Flyball, 9D, EV 96.2 MPH)
|
| Top of the 2nd over - 1 run, 2 hits, 0 errors, 1 left on base; Stanford University 4 - University of North Carolina at Chapel Hill 2 |
| BOTTOM OF THE 2ND |
|
University of North Carolina at Chapel Hill Tar Heels batting - Pitching for Stanford University Cardinal : RHP Juvas Tanuja
|
|
Batting: RHB Steve Breshears
|
0-0: Swinging Strike 0-1: Fly out, F9 (Line Drive, 89M, EV 96.2 MPH)
|
|
Batting: LHB Armando Pena
|
0-0: Ball 1-0: Foul Ball, location: 2F 1-1: Ground out U3 (Groundball, 3S, EV 81.2 MPH)
|
|
Batting: RHB Brian Brower
|
0-0: Ball 1-0: Called Strike 1-1: Swinging Strike 1-2: Foul Ball, location: 2F 1-2: Foul Ball, location: 2F 1-2: Ball 2-2: Ball 3-2: Foul Ball, location: 2F 3-2: Base on Balls
|
|
Batting: LHB Juan Alvarado
|
0-0: Swinging Strike 0-1: Swinging Strike 0-2: Fly out, F8 (Flyball, 8RXD, EV 103.1 MPH)
|
| Bottom of the 2nd over - 0 runs, 0 hits, 0 errors, 1 left on base; Stanford University 4 - University of North Carolina at Chapel Hill 2 |
| TOP OF THE 3RD |
|
Stanford University Cardinal batting - Pitching for University of North Carolina at Chapel Hill Tar Heels : LHP Francisco Guerra
|
|
Batting: RHB Dzevat Koljevic
|
0-0: Ball 1-0: Ground out U3 (Groundball, 3L, EV 88.1 MPH)
|
|
Batting: RHB Erwin Young
|
0-0: Ball 1-0: Ball 2-0: Ball 3-0: Called Strike 3-1: Foul Ball, location: 2F 3-2: Base on Balls
|
|
Batting: RHB Eric McDonald
|
0-0: Fly out, F8 (Flyball, 8LXD, EV 97.5 MPH)
|
|
Batting: RHB Mike Gard
|
0-0: Swinging Strike 0-1: Fly out, F7 (Flyball, 7, EV 80.0 MPH)
|
| Top of the 3rd over - 0 runs, 0 hits, 0 errors, 1 left on base; Stanford University 4 - University of North Carolina at Chapel Hill 2 |
| BOTTOM OF THE 3RD |
|
University of North Carolina at Chapel Hill Tar Heels batting - Pitching for Stanford University Cardinal : RHP Juvas Tanuja
|
|
Batting: LHB Chris Robertson
|
0-0: Called Strike 0-1: Swinging Strike 0-2: Ball 1-2: Ball 2-2: Strikes out swinging
|
|
Batting: RHB Michael Houseman
|
0-0: Ball 1-0: Foul Ball, location: 2F 1-1: Ball 2-1: Ball 3-1: Foul Ball, location: 2F 3-2: Foul Ball, location: 2F 3-2: Fly out, F8 (Flyball, 8RD, EV 99.4 MPH)
|
|
Batting: LHB Roberto Lopez
|
0-0: Foul Ball, location: 2F 0-1: Ball 1-1: Ball 2-1: Foul Ball, location: 2F 2-2: Ground out 6-3 (Groundball, 56, EV 99.4 MPH)
|
| Bottom of the 3rd over - 0 runs, 0 hits, 0 errors, 0 left on base; Stanford University 4 - University of North Carolina at Chapel Hill 2 |
| TOP OF THE 4TH |
|
Stanford University Cardinal batting - Pitching for University of North Carolina at Chapel Hill Tar Heels : LHP Francisco Guerra
|
|
Batting: LHB Mike Keating
|
0-0: Ball 1-0: Swinging Strike 1-1: Called Strike 1-2: Foul Ball, location: 2F 1-2: Strikes out swinging
|
|
Batting: RHB John Van der Linden
|
0-0: Ball 1-0: Called Strike 1-1: Ball 2-1: Called Strike 2-2: Ball 3-2: SINGLE (Groundball, 56D, EV 99.4 MPH)
|
|
Batting: SHB Philippe Huff
|
0-0: Ball 1-0: Ball 2-0: Called Strike 2-1: Foul Ball, location: 2F 2-2: Strikes out swinging
|
|
Batting: LHB Donny Kleinjan
|
0-0: Called Strike 0-1: Ball 1-1: SINGLE (Groundball, 4MD, EV 103.1 MPH) John Van der Linden to second
|
|
Batting: RHB Joe Petley
|
0-0: Fielders Choice at 2nd, 6-4 (Groundball, 6, EV 96.2 MPH)
|
| Top of the 4th over - 0 runs, 2 hits, 0 errors, 2 left on base; Stanford University 4 - University of North Carolina at Chapel Hill 2 |
| BOTTOM OF THE 4TH |
|
University of North Carolina at Chapel Hill Tar Heels batting - Pitching for Stanford University Cardinal : RHP Juvas Tanuja
|
|
Batting: RHB Brandon Wilson
|
0-0: Ball 1-0: Called Strike 1-1: Ball 2-1: Swinging Strike 2-2: Fly out, F7 (Flyball, 7S, EV 81.9 MPH)
|
|
Batting: RHB Tony Jennings
|
0-0: Foul Ball, location: 2F 0-1: Foul Ball, location: 2F 0-2: Ball 1-2: Ball 2-2: Foul Ball, location: 2F 2-2: Ball 3-2: Strikes out swinging
|
|
Batting: RHB Steve Breshears
|
0-0: Ball 1-0: Ball 2-0: SOLO HOME RUN (Flyball, 9D, EV 96.2 MPH), Distance : 365 ft
|
|
Batting: LHB Armando Pena
|
0-0: Ball 1-0: Ground out 4-3 (Groundball, 4S, EV 70.6 MPH)
|
| Bottom of the 4th over - 1 run, 1 hit, 0 errors, 0 left on base; Stanford University 4 - University of North Carolina at Chapel Hill 3 |
| TOP OF THE 5TH |
|
Stanford University Cardinal batting - Pitching for University of North Carolina at Chapel Hill Tar Heels : LHP Francisco Guerra
|
|
Batting: RHB Dzevat Koljevic
|
0-0: Called Strike 0-1: Ground out 5-3 (Groundball, 56, EV 100.0 MPH)
|
|
Batting: RHB Erwin Young
|
0-0: Ball 1-0: Foul Ball, location: 2F 1-1: Ball 2-1: Ball 3-1: Base on Balls
|
|
Batting: RHB Eric McDonald
|
0-0: Ball 1-0: Called Strike 1-1: Ball 2-1: SINGLE (Groundball, 56D, EV 108.8 MPH) Erwin Young to second
|
|
Batting: RHB Mike Gard
|
0-0: Called Strike 0-1: Foul Ball, location: 2F 0-2: Ball 1-2: Ball 2-2: Ball 3-2: Fly out, F7 (Flyball, 7, EV 78.1 MPH)
|
|
Pitching: RHP Didier Pages
|
|
|
Batting: LHB Mike Keating
|
0-0: Ground out U3 (Groundball, 3S, EV 55.0 MPH)
|
| Top of the 5th over - 0 runs, 1 hit, 0 errors, 2 left on base; Stanford University 4 - University of North Carolina at Chapel Hill 3 |
| BOTTOM OF THE 5TH |
|
University of North Carolina at Chapel Hill Tar Heels batting - Pitching for Stanford University Cardinal : RHP Juvas Tanuja
|
|
Batting: RHB Brian Brower
|
0-0: Foul Ball, location: 2F 0-1: Foul Ball, location: 2F 0-2: Foul Ball, location: 2F 0-2: SINGLE (Groundball, 56D, EV 94.4 MPH)
|
|
Batting: LHB Juan Alvarado
|
0-0: Ball 1-0: Bunted foul 1-1: Bunted foul 1-2: 2-RUN HOME RUN (Flyball, 7D, EV 97.5 MPH), Distance : 378 ft
|
|
Pitching: RHP Andy Swan
|
|
|
Batting: LHB Chris Robertson
|
0-0: Called Strike 0-1: Ball 1-1: Foul Ball, location: 2F 1-2: Strikes out looking
|
|
Batting: RHB Michael Houseman
|
0-0: Called Strike 0-1: SINGLE (Groundball, 4MD, EV 103.8 MPH)
|
|
Batting: LHB Roberto Lopez
|
0-0: Ball 1-0: Ball 2-0: Ball 3-0: Base on Balls Michael Houseman to second
|
|
Batting: RHB Brandon Wilson
|
0-0: Called Strike 0-1: Fly out, F9 (Flyball, 89M, EV 76.9 MPH)
|
|
Batting: RHB Tony Jennings
|
0-0: Ball 1-0: Called Strike 1-1: Foul Ball, location: 2F 1-2: Ball 2-2: Foul Ball, location: 2F 2-2: Foul Ball, location: 2F 2-2: Foul Ball, location: 2F 2-2: Foul Ball, location: 2F 2-2: Ball 3-2: 3-RUN HOME RUN (Flyball, 78XD, EV 112.5 MPH), Distance : 422 ft
|
|
Pitching: RHP Joe Kill
|
|
|
Batting: RHB Steve Breshears
|
0-0: Foul Ball, location: 2F 0-1: Ball 1-1: Ball 2-1: Fly out, F4 (Popup, 4S, EV 72.5 MPH)
|
| Bottom of the 5th over - 5 runs, 4 hits, 0 errors, 0 left on base; Stanford University 4 - University of North Carolina at Chapel Hill 8 |
| TOP OF THE 6TH |
|
Stanford University Cardinal batting - Pitching for University of North Carolina at Chapel Hill Tar Heels : RHP Didier Pages
|
|
Batting: RHB John Van der Linden
|
0-0: Ball 1-0: Called Strike 1-1: SOLO HOME RUN (Line Drive, 9LD, EV 92.5 MPH), Distance : 343 ft
|
|
Batting: SHB Philippe Huff
|
0-0: Ball 1-0: Ball 2-0: Ball 3-0: Base on Balls
|
|
Batting: LHB Donny Kleinjan
|
0-0: Ball 1-0: Ball 2-0: Called Strike 2-1: SINGLE (Line Drive, 7S, EV 100.0 MPH) Philippe Huff to second
|
|
Pinch Hitting: RHB Bobby Orantez
|
0-0: Ball 1-0: Grounds into double play, 5-4-3 (Groundball, 56, EV 106.9 MPH) Philippe Huff to third
|
|
Batting: RHB Dzevat Koljevic
|
0-0: Foul Ball, location: 2F 0-1: Called Strike 0-2: Foul Ball, location: 2F 0-2: Ball 1-2: SINGLE (Groundball, 56D, EV 109.4 MPH) Philippe Huff scores
|
|
Batting: RHB Erwin Young
|
0-0: SINGLE (Line Drive, 8RS, EV 103.8 MPH) Dzevat Koljevic to second
|
|
Batting: RHB Eric McDonald
|
0-0: Ball 1-0: Fly out, F9 (Flyball, 9LS, EV 83.8 MPH)
|
| Top of the 6th over - 2 runs, 4 hits, 0 errors, 2 left on base; Stanford University 6 - University of North Carolina at Chapel Hill 8 |
| BOTTOM OF THE 6TH |
|
University of North Carolina at Chapel Hill Tar Heels batting - Pitching for Stanford University Cardinal : RHP Joe Kill
|
|
Now at 3B: Bobby Orantez
|
|
|
Batting: LHB Armando Pena
|
0-0: Ball 1-0: Ball 2-0: Ball 3-0: Base on Balls
|
|
Batting: RHB Brian Brower
|
0-0: Fly out, F7 (Flyball, 7, EV 89.4 MPH)
|
|
Batting: LHB Juan Alvarado
|
0-0: Fielders Choice at 2nd, 6-4 (Groundball, 6M, EV 101.9 MPH)
|
|
Batting: LHB Chris Robertson
|
Pickoff Throw to First - Out! 1-3
|
| Bottom of the 6th over - 0 runs, 0 hits, 0 errors, 0 left on base; Stanford University 6 - University of North Carolina at Chapel Hill 8 |
| TOP OF THE 7TH |
|
Stanford University Cardinal batting - Pitching for University of North Carolina at Chapel Hill Tar Heels : RHP Didier Pages
|
|
Pitching: RHP Alex Aldaya
|
|
|
Batting: RHB Mike Gard
|
0-0: Called Strike 0-1: Ball 1-1: Foul Ball, location: 2F 1-2: Ball 2-2: Ball 3-2: Strikes out swinging
|
|
Batting: LHB Mike Keating
|
0-0: SINGLE (Groundball, 25, EV 65.6 MPH) (infield hit)
|
|
Batting: RHB John Van der Linden
|
0-0: Ball Mike Keating steals 2nd base 1-0: Ball 2-0: Called Strike 2-1: Ball 3-1: Foul Ball, location: 2F 3-2: Foul Ball, location: 2F 3-2: Base on Balls
|
|
Batting: SHB Philippe Huff
|
0-0: Grounds into double play, 3-6-3 (Groundball, 3, EV 91.9 MPH)
|
| Top of the 7th over - 0 runs, 1 hit, 0 errors, 1 left on base; Stanford University 6 - University of North Carolina at Chapel Hill 8 |
| BOTTOM OF THE 7TH |
|
University of North Carolina at Chapel Hill Tar Heels batting - Pitching for Stanford University Cardinal : RHP Joe Kill
|
|
Batting: LHB Chris Robertson
|
0-0: Ball 1-0: Called Strike 1-1: Ball 2-1: Ball 3-1: Base on Balls
|
|
Batting: RHB Michael Houseman
|
0-0: Called Strike 0-1: Ball 1-1: Ball 2-1: Called Strike 2-2: Strikes out swinging
|
|
Pitching: RHP Dante Verduzco
|
|
|
Batting: LHB Roberto Lopez
|
0-0: Foul Ball, location: 2F 0-1: Ball 1-1: Ball 2-1: 2-RUN HOME RUN (Flyball, 89XD, EV 98.1 MPH), Distance : 412 ft
|
|
Batting: RHB Brandon Wilson
|
0-0: Ball 1-0: Foul Ball, location: 2F 1-1: Ball 2-1: Foul Ball, location: 2F 2-2: Ball 3-2: Foul Ball, location: 2F 3-2: SINGLE (Groundball, 4D, EV 99.4 MPH)
|
|
Batting: RHB Tony Jennings
|
0-0: Ball 1-0: Foul Ball, location: 2F 1-1: Called Strike 1-2: Ball 2-2: Ball 3-2: Foul Ball, location: 2F 3-2: Foul Ball, location: 2F 3-2: Reached on error, E6 (Groundball, 6M, EV 104.4 MPH) Brandon Wilson to second
|
|
Pitching: RHP Steven Townsend
|
|
|
Batting: RHB Steve Breshears
|
0-0: Called Strike 0-1: Grounds into double play, 5-4-3 (Groundball, 56S, EV 83.8 MPH)
|
| Bottom of the 7th over - 2 runs, 2 hits, 1 error, 1 left on base; Stanford University 6 - University of North Carolina at Chapel Hill 10 |
| TOP OF THE 8TH |
|
Stanford University Cardinal batting - Pitching for University of North Carolina at Chapel Hill Tar Heels : RHP Alex Aldaya
|
|
Pitching: RHP Ian Hunt
|
|
|
Batting: LHB Donny Kleinjan
|
0-0: Ball 1-0: Foul Ball, location: 2F 1-1: Foul Ball, location: 2F 1-2: Foul Ball, location: 2F 1-2: Ball 2-2: Reached on error, E4 (Groundball, 4, EV 107.5 MPH)
|
|
Batting: RHB Bobby Orantez
|
0-0: Ball 1-0: Called Strike 1-1: Ball 2-1: Ball 3-1: Grounds into double play, 5-4-3 (Groundball, 56S, EV 85.6 MPH)
|
|
Pinch Hitting: RHB Josh Benefield
|
0-0: Called Strike 0-1: Ball 1-1: Ground out 6-3 (Groundball, 6, EV 85.0 MPH)
|
| Top of the 8th over - 0 runs, 0 hits, 1 error, 0 left on base; Stanford University 6 - University of North Carolina at Chapel Hill 10 |
| BOTTOM OF THE 8TH |
|
University of North Carolina at Chapel Hill Tar Heels batting - Pitching for Stanford University Cardinal : RHP Steven Townsend
|
|
Now in CF: Josh Benefield
|
|
|
Batting: LHB Armando Pena
|
0-0: Called Strike 0-1: Hit by Pitch
|
|
Batting: RHB Brian Brower
|
0-0: Ball 1-0: Ball 2-0: Ball 3-0: Base on Balls Armando Pena to second
|
|
Batting: LHB Juan Alvarado
|
0-0: Ball 1-0: Sac Bunt to P - play at first, batter OUT! 1-4 Armando Pena to third Brian Brower to second
|
|
Batting: LHB Chris Robertson
|
0-0: Ball 1-0: Ball 2-0: Called Strike 2-1: SINGLE (Groundball, 4MD, EV 93.8 MPH) Armando Pena scores Brian Brower to third Runner from 3rd tries for Home, SAFE, throw by CF to home Chris Robertson to second
|
|
Batting: RHB Michael Houseman
|
0-0: Ball 1-0: Ball 2-0: Called Strike 2-1: Foul Ball, location: 2F 2-2: Strikes out swinging
|
|
Pitching: LHP Larry Steen
|
|
|
Batting: LHB Roberto Lopez
|
0-0: Called Strike 0-1: Foul Ball, location: 2F 0-2: Ball 1-2: Ball 2-2: Ball 3-2: Foul Ball, location: 2F 3-2: Foul Ball, location: 2F 3-2: Base on Balls
|
|
Batting: RHB Brandon Wilson
|
0-0: Called Strike 0-1: Ball 1-1: Ball 2-1: Fly out, F7 (Flyball, 78S, EV 84.4 MPH)
|
| Bottom of the 8th over - 2 runs, 1 hit, 0 errors, 2 left on base; Stanford University 6 - University of North Carolina at Chapel Hill 12 |
| TOP OF THE 9TH |
|
Stanford University Cardinal batting - Pitching for University of North Carolina at Chapel Hill Tar Heels : RHP Ian Hunt
|
|
Pitching: RHP Jason Kaelber
|
|
|
Batting: RHB Erwin Young
|
0-0: Ball 1-0: SINGLE (Groundball, 56D, EV 85.6 MPH) (infield hit)
|
|
Pinch Hitting: RHB Gary Preston
|
0-0: Ball 1-0: SINGLE (Groundball, 56D, EV 101.2 MPH) Erwin Young to second
|
|
Pinch Hitting: RHB Ricky Medina
|
0-0: Called Strike 0-1: Fly out, F8 (Flyball, 78M, EV 80.6 MPH)
|
|
Batting: LHB Mike Keating
|
0-0: Ball 1-0: Foul Ball, location: 2F 1-1: Ball 2-1: Ball 3-1: Foul Ball, location: 2F 3-2: Base on Balls Erwin Young to third Gary Preston to second
|
|
Batting: RHB John Van der Linden
|
0-0: Ball 1-0: Ball 2-0: Grounds into double play, 4-6-3 (Groundball, 4, EV 109.4 MPH)
|
| Top of the 9th over - 0 runs, 2 hits, 0 errors, 2 left on base; Stanford University 6 - University of North Carolina at Chapel Hill 12 |
|